 Dungeon Crawl Stone Soup version 0.28.0-45-g0d030f2227 (webtiles) character file.

Game seed: 16376338168109634151

79 terff the Chopper (level 4, 0/40 HPs)
             Began as a Hill Orc Monk on Apr 3, 2022.
             Killed from afar by Ijyb (18 damage)
             ... with an iceblast
             ... on level 3 of the Dungeon.
             The game lasted 00:04:03 (1733 turns).

terff the Chopper (Hill Orc Monk)                   Turns: 1733, Time: 00:04:04

Health: 0/40       AC:  8    Str: 15    XL:     4   Next: 38%
Magic:  4/4        EV:  5    Int: 10    God:
Gold:   47         SH:  7    Dex: 13    Spells: 3/3 levels left

rFire   . . .      SeeInvis +   a - +0 hand axe
rCold   . . .      Faith    .   k - +0 kite shield
rNeg    . . .      Spirit   .   g - +0 chain mail
rPois   .          Reflect  .   (no helmet)
rElec   .          Harm     .   (no cloak)
rCorr   .          Rampage  .   (no gloves)
Will    .....                   (no boots)
Stlth   ..........              (no amulet)
HPRegen 0.13/turn               c - ring of wizardry
MPRegen 0.09/turn               f - ring of see invisible

@: no status effects
A: no striking features
a: no special abilities


You were on level 3 of the Dungeon.
You visited 1 branch of the dungeon, and saw 3 of its levels.

You collected 47 gold pieces.

Inventory:

Hand Weapons
 a - a +0 hand axe (weapon)
Missiles
 j - a throwing net (quivered)
Armour
 b - a +0 robe
 g - a +0 chain mail (worn)
 k - a +0 kite shield (worn)
Jewellery
 c - a ring of wizardry (left hand)
 f - a ring of see invisible (right hand)
Potions
 d - 2 potions of curing
 e - 2 potions of berserk rage {unknown}
 h - a potion of might {unknown}
 i - 2 potions of cancellation {unknown}
 l - a potion of attraction {unknown}
 m - a potion of brilliance {unknown}
 n - a potion of heal wounds {unknown}


   Skills:
 + Level 4.2 Fighting
 + Level 5.3 Axes
 + Level 1.1 Armour
 + Level 2.8 Dodging
 + Level 1.8 Stealth


You had 3 spell levels left.
You didn't know any spells.
Your spell library contained the following spells:

 Spells                   Type           Power      Damage    Failure   Level
 Malign Gateway           Summ/Tloc      0%         N/A       100%        7
 Summon Horrible Things   Summ           0%         N/A       100%        8


Dungeon Overview and Level Annotations

Branches:
Dungeon (3/15)

Altars:

Annotations:
D:2 Sigmund
D:3 Ijyb


Message History

The bullfrog skeleton hits you.
You slash the bullfrog skeleton!
The bullfrog skeleton is moderately damaged.
The bullfrog skeleton barely misses you.
The bullfrog skeleton hits you.
You hit the bullfrog skeleton but do no damage.
The bullfrog skeleton is moderately damaged.
You block the bullfrog skeleton's attack.
You hit the bullfrog skeleton.
The bullfrog skeleton is moderately damaged.
The bullfrog skeleton hits you.
The bullfrog skeleton hits you but does no damage.
You hit the bullfrog skeleton.
The bullfrog skeleton is moderately damaged.
You hear the rusting of a drain very nearby.
The bullfrog skeleton barely misses you.
The bullfrog skeleton hits you but does no damage.
You hit the bullfrog skeleton.
The bullfrog skeleton is heavily damaged.
The bullfrog skeleton hits you but does no damage.
You hit the bullfrog skeleton.
The bullfrog skeleton is heavily damaged.
The bullfrog skeleton hits you.
The bullfrog skeleton hits you but does no damage.
You hit the bullfrog skeleton.
The bullfrog skeleton is severely damaged.
You block the bullfrog skeleton's attack. x2
You slash the bullfrog skeleton!
The bullfrog skeleton is almost destroyed.
The bullfrog skeleton hits you but does no damage.
You hit the bullfrog skeleton.
You destroy the bullfrog skeleton!
Your Armour skill increases to level 1!
You have reached level 4!
Ijyb and a gnoll come into view.
Ijyb is wielding a +0 dagger and carrying a wand of iceblast (6).
Ijyb shouts!
The gnoll shouts!
A gnoll comes into view. It is wielding a +0 whip.
Ijyb zaps a wand.
The mass of ice explodes!
The iceblast engulfs you!!
You die...

# #. #.g ##
#..####.###..
#gg........#
#@.# ##.##
#..# #.## #.#
##.# ####..#
#....########
#............


You could see Ijyb and 2 gnolls.

Vanquished Creatures
  A bullfrog skeleton (D:3)
  An adder (D:3)
  A worm (D:2)
  4 orcs (D:3)
  2 bats
  4 endoplasms
  2 giant cockroaches
  4 goblins
  3 hobgoblins
  2 jackals (D:3)
  2 kobolds
  A quokka (D:3)
  A ball python (D:1)
  2 frilled lizards
  2 rats (D:2)
32 creatures vanquished.

Notes
Turn   | Place    | Note
-------+----------+-------------------------------------------
     0 | D:1      | terff the Hill Orc Monk began the quest for the Orb.
     0 | D:1      | Reached XP level 1. HP: 19/19 MP: 1/1
   346 | D:1      | Found a faded altar of an unknown god.
   530 | D:1      | Reached XP level 2. HP: 24/27 MP: 2/2
  1213 | D:2      | Reached XP level 3. HP: 20/33 MP: 3/3
  1346 | D:2      | Noticed Sigmund
  1701 | D:3      | Reached skill level 5 in Axes
  1721 | D:3      | Reached skill level 1 in Armour
  1721 | D:3      | Reached XP level 4. HP: 17/40 MP: 4/4
  1733 | D:3      | Noticed Ijyb
  1733 | D:3      | Killed from afar by Ijyb

Illustrated notes

Levels and vault maps discovered:
D:1:      eino_arrival_druids_welcome, layout_basic,
          ebering_ecumenical_altar_sacrificial, chequers_jeans,
          minmay_misc_feat_x, grunt_decor_mini_mirrors
D:2:      layout_rooms, uniq_natasha, uniq_robin, uniq_sigmund
D:3:      layout_loops_ring, gup_sewer_entry_bowl, uniq_terence, uniq_ijyb

Skill      XL: |  1  2  3 |
---------------+----------+-----
Fighting       | 4 |  4.2
Axes           | 5 |  5.3
Armour         | 1 |  1.1
Dodging        | |  2.8
Stealth        | |  1.8

Action                   |  1- 3 |  4- 6 || total
-------------------------+-------+-------++-------
Melee: Hand axe          |   140 |       ||   140
  Use: Scroll            |     3 |       ||     3
 Stab: Sleeping          |     1 |       ||     1
Armor: Robe              |     3 |       ||     3
       Chain mail        |    64 |       ||    64
Dodge: Dodged            |    57 |       ||    57
Block: Kite shield       |     4 |       ||     4
